Map: Acid Plant LE

Players

ShoWTimE - Winner!

  • Race: Protoss Protoss
  • Spawn Location: 5:00

Cuddlebear

  • Race: Terran Terran
  • Spawn Location: 11:00

Event: WCS Austin 2018

VOD

Have the link to the VOD?

Description

Time

  • Played on: June 1, 2018, 6:43 p.m.
  • Length: 11:51

All games in this series

Show
View Real Time Build Order
Export as new Build Order

ShoWTimE Protoss - Winner!

Build Orders: 1 Gate Expand, Oracle Opening, Phoenix Opening 

Get SALT Encoding   

  12  0:00  Probe  
  13  0:12  Probe  
  14  0:17  Pylon  
  14  0:24  Probe  
  15  0:32  Probe  
  15  0:37  Gateway  
  15  0:40  Probe  
  16  0:45  Assimilator  
  17  0:51  Probe  
  18  1:03  Probe  
  19  1:15  Probe  
  20  1:22  Nexus  
  20  1:33  Cybernetics Core  
  20  1:38  Zealot  
  20  1:39  Pylon  
  22  1:49  Probe  
  23  1:55  Assimilator  
  23  2:00  Stalker  
  23  2:01  Probe  
  24  2:11  Warp Gate  
  24  2:13  Probe  
  27  2:25  Probe  
  28  2:33  Probe  
  29  2:38  Probe  
  29  2:41  Probe  
  29  2:42  Stargate  
  30  2:49  Probe  
  30  2:50  Probe  
  33  2:58  Stalker  
  33  3:00  Probe  
  33  3:02  Probe  
  36  3:13  Probe  
  36  3:14  Probe  
  36  3:16  Oracle  
  36  3:25  Probe  
  40  3:27  Probe  
  40  3:34  Pylon  
  41  3:37  Probe  
  41  3:39  Probe  
  41  3:40  Shield Battery  
  43  3:45  Stalker  
  43  3:48  Probe  
  45  3:52  Probe  
  45  3:53  Phoenix  
  49  3:56  Probe  
  50  4:03  Pylon  
  50  4:04  Probe x2  
  50  4:07  Assimilator  
  52  4:15  Probe  
  52  4:16  Probe  
  54  4:21  Phoenix  
  56  4:27  Probe  
  56  4:28  Probe  
  56  4:29  Gateway  
  58  4:35  Stalker  
  58  4:38  Gateway  
  60  4:39  Probe  
  60  4:41  Robotics Facility  
  61  4:46  Pylon  
  61  4:53  Probe  
  61  4:56  Assimilator  
  62  5:03  Shield Battery  
  62  5:05  Nexus  
  62  5:07  Sentry  
  62  5:10  Pylon  
  62  5:12  Probe  
  65  5:14  Probe  
  66  5:29  Stalker  
  66  5:31  Probe  
  66  5:33  Probe  
  66  5:40  Observer  
  65  5:43  Probe  
  65  5:44  Forge  
  65  5:46  Probe  
  65  5:47  Sentry, Twilight Council  
  65  5:48  Sentry  
  71  5:53  Protoss Ground Weapons Level 1  
  71  5:54  Blink  
  71  5:55  Probe  
  72  5:58  Sentry, Probe  
  72  6:04  Observer, Pylon  
  76  6:07  Gateway x2, Probe  
  76  6:10  Gateway, Probe  
  78  6:19  Probe  
  78  6:20  Stalker x2  
  78  6:22  Probe  
  84  6:30  Probe  
  84  6:31  Probe  
  86  6:34  Shield Battery, Probe  
  86  6:39  Pylon  
  87  6:44  Stalker x3  
  93  6:47  Immortal, Pylon  
  97  7:02  Probe x3  
  97  7:07  Pylon  
  100  7:11  Stalker x4  
  108  7:16  Stalker  
  108  7:20  Stalker, Protoss Ground Armor Level 1  
  112  7:24  Pylon  
  112  7:29  Observer  
  112  7:33  Immortal  
  112  7:34  Gateway  
  112  7:35  Probe x2  
  112  7:36  Probe  
  119  7:37  Gateway  
  119  7:42  Assimilator, Charge  
  119  7:46  Assimilator  
  119  7:52  Zealot x4  
  127  8:00  Probe  
  128  8:09  Pylon x2  
  128  8:10  Pylon  
  128  8:15  Warp Prism  
  128  8:19  Nexus  
  130  8:22  Templar Archives  
  130  8:25  Forge  
  130  8:27  Pylon  
  129  8:30  Zealot x3  
  129  8:31  Zealot x3  
  129  8:33  Protoss Ground Weapons Level 2  
  141  8:34  Pylon  
  141  8:48  Stalker  
  140  8:51  Stalker  
  140  8:54  Protoss Ground Armor Level 2, Probe  
  140  8:55  Probe  
  144  9:00  Psionic Storm  
  144  9:04  High Templar x2  
  144  9:06  Pylon  
  144  9:07  High Templar  
  144  9:09  Nexus  
  150  9:12  High Templar  
  152  9:17  Pylon  
  152  9:22  Zealot x4  
  160  9:29  Pylon  
  160  9:42  Pylon  
  160  9:53  Zealot x4  
  150  10:01  Zealot x3  
  150  10:02  Zealot x5  
  150  10:06  Immortal, Probe x3  
  159  10:24  Zealot x8  
  161  10:41  Immortal  
  159  10:48  Zealot x8  
  179  10:50  Probe  
  179  10:51  Probe x2  
  180  11:03  Assimilator  
  180  11:07  Assimilator  
  176  11:12  Archon x2  
  176  11:14  Zealot x6  
  192  11:33  Pylon  
  186  11:48  Zealot x3  
  186  11:49  Zealot x5  
Show
View Real Time Build Order
Export as new Build Order

Cuddlebear Terran 

Build Orders: Cyclone Opening, MMM Bio 

Get SALT Encoding   

  12  0:00  SCV  
  13  0:12  SCV  
  14  0:18  Supply Depot  
  14  0:24  SCV  
  15  0:33  Refinery  
  15  0:39  SCV  
  16  0:48  Barracks  
  16  0:51  SCV  
  17  1:05  Refinery, SCV  
  18  1:17  SCV  
  20  1:35  Orbital Command, Reaper  
  20  1:42  Supply Depot  
  20  1:46  Factory  
  20  2:02  SCV  
  21  2:09  Reaper  
  21  2:15  SCV  
  23  2:29  SCV  
  24  2:32  Cyclone  
  27  2:39  Starport  
  27  2:41  SCV  
  28  2:55  SCV  
  29  3:19  Cyclone  
  31  3:20  SCV  
  31  3:28  Starport Tech Lab, Command Center  
  31  3:36  Barracks  
  31  3:41  Supply Depot  
  31  3:42  Supply Depot  
  31  3:58  Factory Reactor  
  31  4:02  Banshee, SCV  
  35  4:16  SCV  
  36  4:17  Engineering Bay  
  36  4:28  SCV  
  37  4:41  Orbital Command  
  37  4:49  Factory Tech Lab  
  37  4:51  SCV  
  38  4:53  Terran Infantry Weapons Level 1  
  38  4:54  Starport Reactor, Barracks  
  38  4:55  Missile Turret  
  38  5:00  Marine x3  
  38  5:01  Stimpack  
  38  5:03  SCV  
  42  5:09  Siege Tank  
  42  5:12  Supply Depot, SCV  
  46  5:16  SCV  
  47  5:21  Marine x2  
  47  5:23  Marauder  
  47  5:28  SCV  
  52  5:30  Bunker  
  52  5:34  SCV  
  50  5:38  Medivac x2  
  50  5:39  Marine  
  50  5:41  Marine  
  51  5:45  Marauder  
  51  5:47  SCV  
  54  5:51  SCV  
  54  5:55  Missile Turret  
  54  5:56  Factory Reactor  
  54  5:58  Marine  
  54  5:59  Marine  
  54  6:00  SCV  
  54  6:03  SCV  
  54  6:04  Marauder, Combat Shields  
  60  6:08  Marauder  
  64  6:25  Marauder  
  64  6:26  Marine  
  64  6:27  Marine  
  64  6:28  Medivac  
  64  6:29  Marauder  
  70  6:33  Refinery  
  70  6:35  Supply Depot x2  
  70  6:46  Marine x2  
  72  6:47  Command Center  
  72  6:50  Medivac  
  72  6:51  Marine  
  75  6:54  Marine  
  75  6:58  SCV  
  77  7:01  SCV  
  77  7:03  Marine  
  77  7:04  Marine  
  77  7:06  Terran Infantry Armor Level 1  
  80  7:10  Marauder  
  80  7:12  SCV  
  80  7:15  SCV  
  83  7:30  Marauder, Marine  
  83  7:31  Medivac, Widow Mine x2  
  83  7:34  Marauder  
  94  7:37  Refinery  
  94  8:03  Supply Depot  
  94  8:04  Barracks x2, Supply Depot  
  94  8:09  Medivac, Marine x3  
  94  8:10  Orbital Command, Marauder, Widow Mine  
  105  8:17  SCV x2  
  107  8:25  Medivac, Widow Mine  
  109  8:27  Marine x2  
  109  8:28  Marauder  
  109  8:29  SCV  
  109  8:31  Marine, SCV  
  116  8:37  Widow Mine  
  116  8:38  SCV  
  119  8:43  Medivac  
  119  8:45  Marine  
  119  8:46  SCV  
  119  8:47  SCV  
  124  8:50  SCV  
  124  8:52  Barracks Reactor, Barracks Tech Lab  
  125  9:04  Supply Depot  
  125  9:05  Supply Depot  
  125  9:08  Supply Depot  
  125  9:10  Ghost Academy  
  125  9:18  Marine  
  125  9:21  Marine  
  125  9:26  Marauder x2, Widow Mine x2  
  125  9:27  Marauder, SCV x3  
  125  9:29  Missile Turret  
  138  9:36  Marine x2  
  138  9:37  Marine  
  141  9:39  Marine, SCV x2  
  141  9:42  SCV  
  145  9:47  Marauder x2  
  145  9:50  Marine  
  149  9:56  Marine x2, SCV  
  137  10:02  Marine  
  137  10:04  Marine  
  130  10:08  Ghost  
  130  10:09  Armory, Marauder x2  
  130  10:11  SCV  
  130  10:12  SCV  
  130  10:14  Marine x2, SCV  
  135  10:20  Marine  
  136  10:21  Marine  
  121  10:29  Ghost  
  121  10:30  Marauder, SCV  
  121  10:32  Marine x2  
  121  10:34  SCV  
  129  10:37  Marauder  
  129  10:42  Marine  
  98  10:43  Liberator  
  98  10:44  Marine  
  98  10:45  SCV  
  98  10:49  Marine  
  100  10:50  Marine  
  100  10:52  Marauder, SCV  
  100  10:53  SCV  
  100  10:57  Refinery  
  101  10:58  Refinery, Medivac, Widow Mine x2  
  101  10:59  Marauder x2  
  101  11:00  Marine  
  101  11:02  Marine  
  114  11:07  SCV  
  114  11:08  SCV  
  115  11:12  Ghost, Marine  
  115  11:13  Marine  
  119  11:19  Ghost, SCV  
  119  11:25  Marauder, Marine  
  122  11:26  Marine  
  122  11:30  Command Center, Marine  
  122  11:31  Marine, SCV x2  
Tags
 
Add a new tag
Caveats
  • Supply blocks, unpowered buildings, or Contaminate may cause inaccurate times.
  • Supply counts are checked every 10 seconds.